 Dungeon Crawl Stone Soup version 0.31-a0-241-g00f4a5a00c (webtiles) character file.

Game seed: 1006217894481407478

298 qw the Shooter (level 6, 0/51 HPs)
             Began as a Minotaur Hexslinger on July 12, 2023.
             Killed by divine providence
             ... invoked by an orc priest
              (15 damage)
             ... on level 3 of the Dungeon.
             The game lasted 00:01:02 (2418 turns).

qw the Shooter (Minotaur Hexslinger)                Turns: 2418, Time: 00:01:02

Health: 0/51       AC:  5    Str: 13    XL:     6   Next: 13%
Magic:  6/6        EV: 11    Int: 10    God:
Gold:   160        SH:  0    Dex: 14    Spells: 6/7 levels left

rFire   . . .        Y - +1 sling
rCold   . . .        (no shield)
rNeg    . . .        e - +0 ring mail
rPois   .            (helmet restricted)
rElec   .            (no cloak)
rCorr   .            (no gloves)
SInv    .            (no boots)
Will    .....        g - amulet of the acrobat
Stlth   +            (no ring)
HPRegen 0.28/turn    (no ring)
MPRegen 0.10/turn

%: acrobat
@: no status effects
A: horns 2, retaliatory headbutt
a: no special abilities


You were on level 3 of the Dungeon.
You visited 1 branch of the dungeon, and saw 3 of its levels.

You collected 160 gold pieces.


Innate Abilities, Weirdness & Mutations

You have a pair of horns on your head.
You reflexively headbutt those who attack you in melee.


   Skills:
 + Level 3.4 Fighting
 - Level 6.3 Ranged Weapons
 - Level 1.1 Armour
 - Level 2.1 Dodging
 - Level 1.0 Spellcasting
 - Level 2.0 Hexes


You had 6 spell levels left.
You knew the following spells:

 Your Spells              Type           Power      Damage    Failure   Level
a - Slow                  Hex            16%        N/A       32%         1

Your spell library contained the following spells:

 Spells                   Type           Power      Damage    Failure   Level
 Inner Flame              Hex/Fire       2%         N/A       82%         3
 Portal Projectile        Hex/Tloc       4%         N/A       82%         3
 Cause Fear               Hex            2%         N/A       97%         4

Inventory:

Hand Weapons
 Y - a +1 sling (weapon)
Armour
 e - a +0 ring mail (worn)
 k - a +0 leather armour of fire resistance
Jewellery
 g - an amulet of the acrobat (around neck)
Scrolls
 h - 2 scrolls of revelation {unknown}
Potions
 a - a potion of might
 b - 2 potions of lignification {unknown}
 c - a potion of enlightenment {unknown}
 d - a potion of curing {unknown}
 f - a potion of heal wounds {unknown}
 i - a potion of cancellation {unknown}
 j - a potion of resistance {unknown}

Dungeon Overview and Level Annotations

Branches:
Dungeon (3/15)

Altars:

Annotations:
D:3 2 runed translucent doors, qw's ghost, amateur GrHs


Message History

The orc priest hits you with a +0 mace. The orc hits you with a +0 short sword.
The orc priest looks satisfied for a moment.
You shoot a sling bullet.
The sling bullet closely misses the orc.
The orc hits you but does no damage.
The orc priest hits you but does no damage.
You shoot a sling bullet. The sling bullet hits the orc.
You kill the orc!
The orc priest closely misses you.
You shoot a sling bullet. The sling bullet hits the orc priest.
The orc priest is moderately wounded.
The orc priest hits you with a +0 mace.
You shoot a sling bullet. The sling bullet hits the orc priest.
The orc priest is moderately wounded.
The orc priest barely misses you. You furiously retaliate!
You headbutt the orc priest. You shoot a sling bullet.
The sling bullet hits the orc priest but does no damage.
The orc priest is heavily wounded.
The orc priest hits you with a +0 mace. x2
You shoot a sling bullet.
The sling bullet hits the orc priest but does no damage.
The orc priest is heavily wounded.
The orc priest hits you with a +0 mace.
You shoot a sling bullet.
The sling bullet hits the orc priest but does no damage.
The orc priest is heavily wounded.
The orc priest barely misses you.
You shoot a sling bullet.
The sling bullet closely misses the orc priest.
The orc priest invokes the aid of Beogh against you.
Beogh smites you!
You shoot a sling bullet. The sling bullet hits the orc priest.
The orc priest is heavily wounded.
The orc priest misses you.
You shoot a sling bullet.
The sling bullet barely misses the orc priest.
The orc priest mumbles some strange prayers to Beogh against you.
Beogh smites you!
You die...

.......##.......#
#.#.#..##..)#.#.#
#...#..##.##.##.#####
#..##..##.##........####
.......##.#####........##
#......##.#####..##.##..##
##.######........##.##.#.##
#.# ##.....#o##...###.# #.#
#.....#@#####.#.## #.#
#.....#)#####..#### #.#
#.....#..:........# #.#
#.....##.##.##.##.# #.#
##...## .##.##.##.# #.#
##.## .##....##.# #.#######
#.# #.##.##.##.# #.......#
#.# #.##.##.##.# ##.#####.#
#.# #...>......#


You could see an orc priest.

Vanquished Creatures
  Sigmund (D:2)
  An orc wizard (D:3)
  Robin (D:2)
  2 adders
  2 worms
  A dart slug (D:2)
  6 orcs (D:3)
  9 bats
  9 endoplasms
  2 giant cockroaches (D:2)
  13 goblins
  8 hobgoblins
  4 quokkas
  7 ball pythons
  2 frilled lizards
  5 kobolds
73 creatures vanquished.

Notes
Turn   | Place    | Note
-------+----------+-------------------------------------------
     0 | D:1      | qw the Minotaur Hexslinger began the quest for the Orb.
     0 | D:1      | Reached XP level 1. HP: 16/16 MP: 1/1
     0 | D:1      | 0 ||| qw: Version: 0.3-a-52-g30416fa
     0 | D:1      | 0 ||| qw: Game counter: 6189
     0 | D:1      | 0 ||| qw: Melee chars always use a shield: true
     0 | D:1      | 0 ||| qw: God list: Okawaru
     0 | D:1      | 0 ||| qw: Allow faded altars: false
     0 | D:1      | 0 ||| qw: Do Orc after clearing Dungeon:15 true
     0 | D:1      | 0 ||| qw: Do second Lair branch before Depths: true
     0 | D:1      | 0 ||| qw: Lair rune preference: random
     0 | D:1      | 0 ||| qw: Goals: Normal
     0 | D:1      | 0 ||| PLANNING D:1-11
   134 | D:1      | 134 ||| FLEEEEING.
   135 | D:1      | 135 ||| FLEEEEING.
   186 | D:1      | Reached skill level 3 in Ranged Weapons
   186 | D:1      | Reached XP level 2. HP: 23/23 MP: 2/2
   641 | D:1      | 641 ||| UPGRADING to +0 ring mail.
   651 | D:1      | 651 ||| DROPPING +0 robe.
   652 | D:1      | 652 ||| UPGRADING to amulet of the acrobat.
   657 | D:1      | 657 ||| READING scroll labelled BOUWYFR TETWITH.
   660 | D:1      | 660 ||| DROPPING scroll of poison.
   766 | D:2      | Noticed Robin
   767 | D:2      | Reached XP level 3. HP: 29/29 MP: 3/3
   768 | D:2      | 768 ||| Stepping ~*~*~tactically~*~*~ (outnumbered).
   783 | D:2      | Killed Robin
   784 | D:2      | Reached skill level 4 in Ranged Weapons
   942 | D:2      | Reached skill level 1 in Armour
   971 | D:2      | Reached XP level 4. HP: 32/36 MP: 4/4
  1031 | D:2      | Noticed Sigmund
  1058 | D:2      | Killed Sigmund
  1059 | D:2      | Reached skill level 6 in Ranged Weapons
  1059 | D:2      | Reached XP level 5. HP: 26/41 MP: 5/5
  1221 | D:2      | Found a faded altar of an unknown god.
  1536 | D:2      | 1536 ||| READING scroll labelled NUNWAORUDI.
  1606 | D:2      | 1606 ||| DRINKING 2 red potions.
  1657 | D:3      | Found a large runed translucent door.
  1657 | D:3      | Found a large runed translucent door.
  1659 | D:3      | Noticed qw's ghost (amateur GrHs)
  1900 | D:3      | Reached skill level 3 in Fighting
  1900 | D:3      | Reached XP level 6. HP: 36/51 MP: 6/6
  2062 | D:3      | HP: 9/51 [orc priest/+0 mace (5)]
  2063 | D:3      | 2063 ||| READING scroll of teleportation.
  2064 | D:3      | HP: 4/51 [orc/+0 hand axe (2)]
  2418 | D:3      | Killed from afar by an orc priest

Levels and vault maps discovered:
D:1:      roderic_crossed_star, layout_basic, corexii_leaking_fountain,
          serial_bayou_pond_b, minmay_misc_feat_pillars
D:2:      layout_basic, hellmonk_ecumenical_altar_crossroads,
          grunt_decor_fettered, minmay_split_cup_small, uniq_robin, uniq_sigmund
D:3:      layout_loops_cross, ebering_ghost_disaster_area

Skill      XL: |  1  2  3  4  5 |
---------------+----------------+-----
Ranged Weapons | 3 4 6 |  6.3
Fighting       | 2 3 |  3.4
Armour         | 1 |  1.1
Dodging        | |  2.1
Spellcasting   | |  1.0
Hexes          | |  2.0

Action                     |  1- 3 |  4- 6 || total
---------------------------+-------+-------++-------
   Fire: Sling             |   128 |   127 ||   255
    Use: Scroll            |     1 |     2 ||     3
         Potion            |       |     1 ||     1
 Armour: Robe              |     7 |       ||     7
         Ring mail         |    37 |    17 ||    54
         Skin              |       |     9 ||     9
  Dodge: Dodged            |    50 |    34 ||    84

Table legend:
 A = Non-vault XP
 B = Vault XP
 C = Vault XP percentage of total XP
 D = Non-vault monster count
 E = Vault monster count
 F = Vault count percentage of total count
                 A         B        C        D         E       F
            +---------+---------+-------+---------+---------+-------
      Total |     169 |     257 |  60.3 |      55 |      18 |  24.7
            +---------+---------+-------+---------+---------+-------
        D:1 |      21 |       6 |  22.2 |      12 |       3 |  20.0
        D:2 |      54 |     251 |  82.3 |      20 |      15 |  42.9
        D:3 |      94 |       0 |   0.0 |      23 |       0 |   0.0
            +---------+---------+-------+---------+---------+-------
